Map: Ascension vers Aïur EC

Players

zidar - Winner!

  • Race: Zerg Zerg
  • League: Gold
  • Spawn Location: 11:00

mptm

  • Race: Terran Terran
  • League: Gold
  • Spawn Location: 5:00

VOD

Have the link to the VOD?

Description

Time

  • Played on: June 27, 2017, 2:48 p.m.
  • Length: 5:41
Show
View Real Time Build Order
Export as new Build Order

zidar Zerg - Winner!

Build Orders: Hatch First 

Get SALT Encoding   

  12  0:02  Drone  
  13  0:12  Overlord  
  13  0:17  Drone  
  14  0:30  Drone x2  
  16  0:51  Hatchery  
  16  0:55  Drone  
  16  0:59  Extractor  
  16  1:01  Drone  
  16  1:21  Spawning Pool  
  15  1:29  Drone  
  15  1:30  Drone  
  15  1:31  Drone  
  19  1:40  Drone  
  19  2:14  Queen  
  19  2:15  Queen  
  21  2:16  Metabolic Boost  
  21  2:20  Drone x3  
  26  2:27  Extractor  
  25  2:34  Roach Warren  
  25  2:36  Drone  
  25  2:40  Drone  
  26  2:49  Extractor  
  26  2:50  Overlord  
  25  3:07  Drone x3  
  28  3:20  Overlord  
  28  3:24  Roach  
  28  3:25  Roach x2  
  34  3:27  Roach  
  36  3:38  Roach x2  
  40  3:44  Roach  
  40  3:47  Roach  
  44  3:54  Overlord  
  44  4:27  Drone x6  
  50  4:34  Overlord  
  50  4:35  Overlord  
  50  4:43  Ravager x2  
  52  4:56  Ravager  
Show
View Real Time Build Order
Export as new Build Order

mptm Terran 

Build Orders:  

Get SALT Encoding   

  12  0:01  SCV  
  13  0:15  Supply Depot  
  13  0:18  SCV  
  14  0:30  SCV  
  15  0:43  Refinery, SCV  
  16  0:55  SCV  
  17  1:07  SCV  
  18  1:19  SCV  
  19  1:31  SCV  
  20  1:41  Barracks  
  20  1:42  Engineering Bay  
  20  1:43  SCV  
  21  1:51  Command Center  
  21  1:55  SCV  
  21  2:10  SCV  
  22  2:23  SCV  
  22  2:28  Command Center  
  23  2:43  Bunker  
  23  2:48  Bunker  
  23  3:03  Marine, SCV  
  25  3:06  Supply Depot  
  25  3:15  SCV  
  25  3:17  SCV  
  27  3:21  Marine  
  28  3:29  Refinery, SCV  
  28  3:33  SCV  
  30  3:38  Marine  
  31  3:41  SCV  
  31  3:42  Missile Turret  
  32  3:53  SCV  
  33  3:56  Marine  
  33  3:58  SCV  
  33  3:59  SCV  
  36  4:06  SCV  
  37  4:11  SCV x2  
  37  4:14  Marine  
  40  4:18  SCV  
  40  4:23  SCV x2  
  43  4:26  Factory  
  43  4:27  Factory  
  43  4:32  Marine  
  43  4:34  SCV  
  43  4:35  SCV x2  
  47  4:46  SCV  
  47  4:47  SCV x2  
  47  4:50  Marine  
  51  4:58  SCV  
  51  4:59  SCV x2  
  54  5:04  Supply Depot  
  54  5:07  Marine  
  54  5:10  SCV  
  54  5:11  Factory Tech Lab x2, SCV x2  
  55  5:22  SCV  
  55  5:23  SCV x2  
  55  5:27  Supply Depot  
Tags
 
Add a new tag
Caveats
  • Supply blocks, unpowered buildings, or Contaminate may cause inaccurate times.
  • Supply counts are checked every 10 seconds.